AoeStats
← Racha

Arena

510222755Analyzed
1v1 RM · 19h ago on Sep 30, 2026· 53m 27s· 2 players
Game mode
Random Map
Map size
Tiny (2 player)
Population
200
Speed
Normal
Resources
Standard
Victory
Conquest
Starting age
Dark Age
Ending age
Imperial Age
RankedLock teamsTeams togetherTeam positionsShared explorationLock speedFull tech treeHidden civsTurbo modeCheats
Victory
Defeat
🇵🇪 Gurjaras · Peru
1347
+17
🇵🇪 Turks · Peru
1375
-17
Racha
6:13 Loom
8:44 Feudal Age
9:44 Double-Bit Axe
10:31 Fletching
19:44 Castle Age
18:16 Horse Collar
19:23 Forging
20:23 Bodkin Arrow
20:04 Light Cavalry
21:09 Bow Saw
26:52 Wheelbarrow
27:24 Heavy Plow
27:19 Gold Mining
28:00 Stone Mining
28:51 Hand Cart
28:53 Town Watch
32:43 Imperial Age
30:27 Scale Barding Armor
31:36 Chain Barding Armor
32:01 Ballistics
32:43 Iron Casting
32:30 Bloodlines
32:21 Husbandry
33:14 Masonry
33:30 Kshatriyas
33:27 Elite Shrivamsha Rider
34:37 Redemption
34:52 Sanctity
35:40 Chemistry
35:43 Plate Barding Armor
37:06 Crop Rotation
37:21 Bracer
37:13 Hussar
37:40 Treadmill Crane
38:47 Illumination
38:43 Heresy
37:53 Heavy Camel Rider
38:36 Padded Archer Armor
41:37 Conscription
45:54 Gold Shaft Mining
46:01 Leather Archer Armor
46:22 Architecture
47:02 Kshatriyas
47:44 Siege Elephant
50:03 Hoardings
50:07 Murder Holes
51:42 Frontier Guards
53:14 Fortified Wall
Akuma_o_O
10:07 Feudal Age
12:27 Fletching
19:04 Castle Age
17:25 Double-Bit Axe
17:23 Horse Collar
18:00 Stone Mining
26:05 Town Watch
27:39 Wheelbarrow
30:36 Imperial Age
29:06 Murder Holes
30:11 Bow Saw
30:04 Heavy Plow
30:42 Padded Archer Armor
33:46 Scale Barding Armor
34:00 Bloodlines
35:05 Chain Barding Armor
34:49 Husbandry
34:13 Heavy Camel Rider
36:26 Plate Barding Armor
36:21 Forging
36:47 Artillery
38:46 Iron Casting
38:46 Hand Cart
40:43 Blast Furnace
46:53 Loom
51:23 Two-Man Saw
Connection lost

Rejoining the realm…

Still unreachable

The connection could not be restored.

Session expired

The server has moved on; the page needs a fresh start.